Penguins vs Crunch
(R1)
Created - April 16, 2022 at 19:53
Goals
|
| Penguins |
0 |
2 |
3 |
5 |
| Crunch |
1 |
3 |
3 |
7 |
|
Shots
|
| Penguins |
5 |
7 |
22 |
34 |
| Crunch |
14 |
7 |
12 |
33 |
|
1st period
1. Crunch , Christoffer Ehn 9 (Brock Boeser 43, Noah Hanifin 34) at 8:33
Penalties :
Noah Hanifin (Syr) for Tripping (Minor) at 5:37, Andy Andreoff (Wil) for Roughing (Minor) at 17:38
2nd period
2. Crunch , Christoffer Ehn 10 (Teemu Hartikainen 29) at 9:06
3. Crunch , Jeremy Lauzon 2 (Mitch Callahan 12) at 10:28 (PP)
4. Crunch , Dalton Smith 8 (Jayson Megna 12) at 17:00
5. Penguins , Cedric Paquette 17 (Kyle Connor 17, Vince Hinostroza 35) at 17:40
6. Penguins , Cedric Paquette 18 (Vince Hinostroza 36) at 19:28 (PP)
Penalties :
Vince Hinostroza (Wil) for Interference (Minor) at 2:46, Andy Andreoff (Wil) for Holding (Minor) at 9:32, Andrew O'Brien (Wil) for Holding (Minor) at 9:56, Teemu Hartikainen (Syr) for Tripping (Minor) at 14:12, Brendan Guhle (Syr) for Holding (Minor) at 18:14, Jordan Oesterle (Syr) for Fighting (Major) at 19:33, Roope Hintz (Wil) for Fighting (Major) at 19:33
3rd period
7. Penguins , Josh Jooris 30 (Anthony Beauvillier 10, Adam Brooks 9) at 5:02
8. Penguins , Iven Barbashev 12 (Curtis Hamilton 2, Frederick Gaudreau 25) at 7:58
9. Penguins , Andy Andreoff 20 (Josh Jooris 29, Roope Hintz 22) at 12:09
10. Crunch , Jared Staal 5 (Jayson Megna 13, Noah Hanifin 35) at 15:49
11. Crunch , Brock Boeser 27 (Jayson Megna 14, Brendan Guhle 15) at 17:37 (PP)
12. Crunch , Jayson Megna 8 (Teemu Hartikainen 30, Brock Boeser 44) at 19:08 (Empty Net)
Penalties :
Andrew O'Brien (Wil) for Cross-checking (Minor) at 5:42, Michael Ferland (Syr) for Elbowing (Minor) at 8:52, Jeremy Lauzon (Syr) for Fighting (Major) at 15:50, Christopher Tanev (Wil) for Fighting (Major) at 15:50, Christopher Tanev (Wil) for instigated a fight (Minor) at 15:50, Christopher Tanev (Wil) for instigated a fight (10 Minutes Misconduct) at 15:50
Goalie Stats
Connor Hellebyuk (Wil), 26 saves from 32 shots - (0.813), L, 19-20-1, 59:38 minutes
Josef Korenar (Syr), 29 saves from 34 shots - (0.853), W, 7-8-1, 60:00 minutes
Players Stats for Penguins
Player Name G A P +/- PIM S H SB GA TA FO MP PP MP PK MP
------------------------------------------------------------------------------------
Adam Brooks 0 1 1 0 0 0 0 0 0 0 3/4 8:12 0:00 0:52
Andrew O'Brien 0 0 0 -1 4 1 5 3 0 2 0/0 26:21 4:14 4:08
Andy Andreoff 1 0 1 -1 4 4 3 1 0 0 1/2 21:49 4:03 3:59
Anthony Beauvillier 0 1 1 0 0 1 3 0 0 0 0/0 7:20 0:00 0:00
Cedric Paquette 2 0 2 -1 0 6 1 0 0 2 4/16 20:11 3:08 4:26
Christopher Tanev 0 0 0 0 17 1 1 2 0 1 0/0 26:36 3:39 6:00
Curtis Hamilton 0 1 1 1 0 0 2 0 0 0 0/1 12:30 0:00 1:38
Dakota Mermis 0 0 0 1 0 0 3 1 1 1 0/0 19:55 3:14 3:02
Danny Biega 0 0 0 0 0 1 1 4 0 2 0/0 23:39 2:57 5:06
Frederick Gaudreau 0 1 1 1 0 4 2 0 0 0 1/4 11:20 0:00 0:00
Gavin Bayreuther 0 0 0 -1 0 0 2 0 1 0 0/0 13:12 0:00 1:57
Iven Barbashev 1 0 1 1 0 2 1 0 0 0 0/0 10:51 0:00 0:00
John Marino 0 0 0 -1 0 0 0 1 0 0 0/0 10:47 0:18 0:00
Josh Jooris 1 1 2 -1 0 8 4 0 3 0 1/2 17:49 4:03 0:00
Juuso Ikonen 0 0 0 0 0 0 1 0 0 1 0/0 7:42 0:00 0:22
Kyle Connor 0 1 1 -1 0 2 1 0 0 0 0/1 16:13 3:08 2:23
Roope Hintz 0 1 1 -1 5 3 3 0 0 2 13/33 21:29 4:03 6:02
Vince Hinostroza 0 2 2 -1 2 1 0 1 2 0 0/0 13:18 3:08 0:00
Players Stats for Crunch
Player Name G A P +/- PIM S H SB GA TA FO MP PP MP PK MP
------------------------------------------------------------------------------------
Anatoli Golyshev 0 0 0 -1 0 2 1 0 1 0 0/0 7:15 0:00 0:00
Anthony Cirelli 0 0 0 -1 0 1 0 0 0 0 0/0 12:09 0:01 0:00
Brendan Guhle 0 1 1 3 2 1 1 1 0 1 0/0 19:02 4:38 2:35
Brock Boeser 1 2 3 2 0 6 3 0 3 0 1/1 23:29 6:07 3:57
Christoffer Ehn 2 0 2 1 0 3 2 0 0 1 22/32 21:10 3:59 4:01
Connor Bunnaman 0 0 0 -1 0 0 0 0 0 0 2/3 7:15 0:00 0:00
Dalton Smith 1 0 1 1 0 1 1 0 0 0 0/0 11:40 0:01 1:21
Dylan Strome 0 0 0 -1 0 2 3 0 2 0 6/9 13:32 0:00 1:30
Jacob Larsson 0 0 0 0 0 0 1 0 0 1 0/0 15:56 1:47 1:36
Jared Staal 1 0 1 2 0 5 0 1 0 1 0/0 11:31 0:01 0:00
Jayson Megna 1 3 4 2 0 5 4 0 1 0 9/14 18:17 6:07 2:01
Jeremy Lauzon 1 0 1 1 5 3 1 0 0 0 0/0 18:09 2:51 3:10
Jordan Oesterle 0 0 0 -1 5 0 2 2 0 0 0/0 26:44 5:29 4:01
Matt Roy 0 0 0 0 0 0 0 2 0 0 0/0 10:45 0:00 0:00
Michael Ferland 0 0 0 -1 2 2 2 1 1 0 0/1 15:31 3:59 0:00
Mitch Callahan 0 1 1 -1 0 2 0 0 1 1 0/0 10:56 3:59 0:00
Noah Hanifin 0 2 2 -1 2 0 4 0 2 1 0/0 29:22 5:29 3:00
Teemu Hartikainen 0 2 2 1 2 0 1 0 0 1 0/3 20:00 6:07 1:32
3 Stars
1 - Jayson Megna (Syr)
2 - Brock Boeser (Syr)
3 - Christoffer Ehn (Syr)
Power Play
Penguins - 1 on 4 Attempt(s) - 25.00%
Crunch - 2 on 6 Attempt(s) - 33.33%
Penalty Kill
Penguins - 4 on 6 Attempt(s) - 66.67%
- Score 0 goal in Penalty Kill
Crunch - 3 on 4 Attempt(s) - 75.00%
- Score 0 goal in Penalty Kill
Team Stat
Penguins - Hits : 33 - Faceoff Wins : 23 - Blocked Shots : 13 - Penalty Minutes : 32
Crunch - Hits : 26 - Faceoff Wins : 40 - Blocked Shots : 7 - Penalty Minutes : 18
Official
Referees : Pierre Lambert and Michael Markovic
Linesman : Brandon Gawryletz and David Brisebois
Game Notes
Jordan Oesterle and Roope Hintz fight to a draw at 19:33 of 2nd period
Christopher Tanev beats up Jeremy Lauzon at 15:50 of 3rd period
Jayson Megna has scored in a empty net!
Finance
Level 1 -- Attendance: 1685 (84.25%) -- Ticket Income $58,975
Level 2 -- Attendance: 922 (92.20%) -- Ticket Income $13,830
Total Attendance: 2607 (86.90%)
Total Ticket Income: $72,805
Other Income: $3,640
Total Income: $76,445
Penguins
5 vs 5 Forward
Center Left Wing Right Wing Time % Phy DF OF
1 Roope Hintz Andy Andreoff Josh Jooris 40 1 2 2
2 Cedric Paquette Kyle Connor Vince Hinostroza 30 1 2 2
3 Frederick Gaudreau Curtis Hamilton Iven Barbashev 20 1 2 2
4 Adam Brooks Juuso Ikonen Anthony Beauvillier 10 1 2 2
5 vs 5 Defense
Defense Defense Time % Phy DF OF
1 Christopher Tanev Andrew O'Brien 40 1 2 2
2 Dakota Mermis Danny Biega 30 1 2 2
3 Gavin Bayreuther John Marino 20 1 2 2
4 Christopher Tanev Andrew O'Brien 10 1 2 2
PowerPlay Forward
Center Left Wing Right Wing Time % Phy DF OF
1 Roope Hintz Andy Andreoff Josh Jooris 60 1 2 2
2 Cedric Paquette Kyle Connor Vince Hinostroza 40 1 2 2
PowerPlay Defense
Defense Defense Time % Phy DF OF
1 Christopher Tanev Andrew O'Brien 60 1 2 2
2 Dakota Mermis Danny Biega 40 1 2 2
Penalty Kill 4 Players Forward
Center Wing Time % Phy DF OF
1 Roope Hintz Andy Andreoff 60 1 2 2
2 Cedric Paquette Kyle Connor 40 1 2 2
Penalty Kill 4 Players Defense
Defense Defense Time % Phy DF OF
1 Christopher Tanev Andrew O'Brien 60 1 2 2
2 Dakota Mermis Danny Biega 40 1 2 2
Penalty Kill - 3 Players Forward
Forward Time % Phy DF OF
1 Roope Hintz 60 1 2 2
2 Cedric Paquette 40 1 2 2
Penalty Kill - 3 Players Defense
Defense Defense Time % Phy DF OF
1 Christopher Tanev Andrew O'Brien 60 1 2 2
2 Dakota Mermis Danny Biega 40 1 2 2
4 vs 4 Forward
Center Wing Time % Phy DF OF
1 Roope Hintz Andy Andreoff 60 1 2 2
2 Cedric Paquette Kyle Connor 40 1 2 2
4 vs 4 Defense
Defense Defense Time % Phy DF OF
1 Christopher Tanev Andrew O'Brien 60 1 2 2
2 Dakota Mermis Danny Biega 40 1 2 2
Last Minutes Offensive
Center Left Wing Right Wing Defense Defense
Roope Hintz Andy Andreoff Josh Jooris Christopher Tanev Andrew O'Brien
Last Minutes Defensive
Center Left Wing Right Wing Defense Defense
Roope Hintz Andy Andreoff Josh Jooris Christopher Tanev Andrew O'Brien
Goaltenders
Starting : Connor Hellebyuk
Backup : Anthony Stolarz
Extra Forwards
Normal : Cedric Paquette, Frederick Gaudreau, Iven Barbashev - PP : Cedric Paquette, Frederick Gaudreau - PK : Cedric Paquette
Extra Defensemen
Normal : Danny Biega, Gavin Bayreuther, John Marino - PP : Danny Biega - PK : Danny Biega, Gavin Bayreuther
Penalty Shots
Josh Jooris, Andy Andreoff, Vince Hinostroza, Roope Hintz, Cedric Paquette
Scratches
Brett Pollock (Healthy), Denis Malgin (Healthy), Josh Ho-Sang (Healthy), Matthew Finn (Healthy), Max Gortz (Healthy)
Raphael Bussieres (Healthy), Sam Kurker (Healthy), Steven Spinner (Healthy), William Nylander (Right Knee Injury), German Rubtsov (Healthy)
Crunch
5 vs 5 Forward
Center Left Wing Right Wing Time % Phy DF OF
1 Christoffer Ehn Teemu Hartikainen Brock Boeser 40 1 2 2
2 Dylan Strome Michael Ferland Anthony Cirelli 30 1 2 2
3 Jayson Megna Dalton Smith Jared Staal 20 1 2 2
4 Connor Bunnaman Anatoli Golyshev Mitch Callahan 10 1 2 2
5 vs 5 Defense
Defense Defense Time % Phy DF OF
1 Jordan Oesterle Noah Hanifin 40 1 2 2
2 Brendan Guhle Jeremy Lauzon 30 1 2 2
3 Matt Roy Jacob Larsson 20 1 2 2
4 Jordan Oesterle Noah Hanifin 10 1 2 2
PowerPlay Forward
Center Left Wing Right Wing Time % Phy DF OF
1 Jayson Megna Teemu Hartikainen Brock Boeser 60 1 2 2
2 Christoffer Ehn Michael Ferland Mitch Callahan 40 1 2 2
PowerPlay Defense
Defense Defense Time % Phy DF OF
1 Jordan Oesterle Noah Hanifin 60 1 2 2
2 Brendan Guhle Jeremy Lauzon 40 1 2 2
Penalty Kill 4 Players Forward
Center Wing Time % Phy DF OF
1 Christoffer Ehn Brock Boeser 60 1 2 2
2 Jayson Megna Teemu Hartikainen 40 1 2 2
Penalty Kill 4 Players Defense
Defense Defense Time % Phy DF OF
1 Jordan Oesterle Noah Hanifin 60 1 2 2
2 Brendan Guhle Jeremy Lauzon 40 1 2 2
Penalty Kill - 3 Players Forward
Forward Time % Phy DF OF
1 Christoffer Ehn 60 1 2 2
2 Jayson Megna 40 1 2 2
Penalty Kill - 3 Players Defense
Defense Defense Time % Phy DF OF
1 Jordan Oesterle Noah Hanifin 60 1 2 2
2 Brendan Guhle Jeremy Lauzon 40 1 2 2
4 vs 4 Forward
Center Wing Time % Phy DF OF
1 Teemu Hartikainen Brock Boeser 60 1 2 2
2 Christoffer Ehn Anthony Cirelli 40 1 2 2
4 vs 4 Defense
Defense Defense Time % Phy DF OF
1 Jordan Oesterle Noah Hanifin 60 1 2 2
2 Brendan Guhle Jeremy Lauzon 40 1 2 2
Last Minutes Offensive
Center Left Wing Right Wing Defense Defense
Jayson Megna Teemu Hartikainen Brock Boeser Jordan Oesterle Noah Hanifin
Last Minutes Defensive
Center Left Wing Right Wing Defense Defense
Jayson Megna Teemu Hartikainen Brock Boeser Jordan Oesterle Noah Hanifin
Goaltenders
Starting : Josef Korenar
Backup : Kaapo Kahkonen
Extra Forwards
Normal : Jared Staal, Dalton Smith, Dylan Strome - PP : Jared Staal, Dalton Smith - PK : Dylan Strome
Extra Defensemen
Normal : Jeremy Lauzon, Brendan Guhle, Jacob Larsson - PP : Jacob Larsson - PK : Brendan Guhle, Jacob Larsson
Penalty Shots
Teemu Hartikainen, Jayson Megna, Brock Boeser, Christoffer Ehn, Michael Ferland
Scratches
Charles-Olivier Roussel (Healthy), Kyle Capobianco (Healthy), Max McCormick (Healthy), Michael Downing (Healthy), Sean Walker (Healthy)
% Time on Ice - Penguins
Lines # - Real PCT - Wanted PCT - Time Play
Normal Forward
1 - 32% - 40% - 13:36
2 - 25% - 30% - 10:42
3 - 26% - 20% - 10:51
4 - 17% - 10% - 7:20
Normal Defense
1 - 42% - 40% - 17:58
2 - 30% - 30% - 12:50
3 - 25% - 20% - 10:29
4 - 3% - 10% - 1:12
PP Forward
1 - 56% - 60% - 4:03
2 - 44% - 40% - 3:08
PP Defense
1 - 66% - 60% - 4:46
2 - 34% - 40% - 2:25
PK Forward
1 - 75% - 60% - 7:12
2 - 25% - 40% - 2:23
PK Defense
1 - 82% - 60% - 7:51
2 - 18% - 40% - 1:44
PK3 Forward
1 - 100% - 60% - 0:32
2 - 0% - 40% - 0:00
PK3 Defense
1 - 100% - 60% - 0:32
2 - 0% - 40% - 0:00
44 Forward
1 - 0% - 60%
2 - 0% - 40%
44 Defense
1 - 0% - 60%
2 - 0% - 40%
Last Minute Offensive - 0:13
Last Minute Defensive - 0:00
Total
Forward - 60:00
Defense - 60:00
|
% Time on Ice - Crunch
Lines # - Real PCT - Wanted PCT - Time Play
Normal Forward
1 - 32% - 40% - 13:41
2 - 28% - 30% - 11:44
3 - 23% - 20% - 9:52
4 - 17% - 10% - 7:15
Normal Defense
1 - 46% - 40% - 19:27
2 - 27% - 30% - 11:17
3 - 25% - 20% - 10:33
4 - 3% - 10% - 1:15
PP Forward
1 - 61% - 60% - 6:08
2 - 39% - 40% - 3:59
PP Defense
1 - 54% - 60% - 5:29
2 - 46% - 40% - 4:38
PK Forward
1 - 72% - 60% - 5:10
2 - 28% - 40% - 2:01
PK Defense
1 - 69% - 60% - 4:59
2 - 31% - 40% - 2:12
PK3 Forward
1 - 0% - 60%
2 - 0% - 40%
PK3 Defense
1 - 0% - 60%
2 - 0% - 40%
44 Forward
1 - 0% - 60%
2 - 0% - 40%
44 Defense
1 - 0% - 60%
2 - 0% - 40%
Last Minute Offensive - 0:00
Last Minute Defensive - 0:10
Total
Forward - 60:00
Defense - 60:00
|
Play-by-Play
1st period
0:01 of 1st period - Roope Hintz wins face-off versus Christoffer Ehn in neutral zone.
0:04 of 1st period - Christoffer Ehn is hit by Andrew O'Brien and loses puck.
1:09 of 1st period - Wrist shot by Jayson Megna.
1:09 of 1st period - Stopped by Connor Hellebyuk with a rebound.
1:11 of 1st period - Slapshot by Brendan Guhle.
1:11 of 1st period - Shot Blocked by Danny Biega.
1:13 of 1st period - Slapshot by Jeremy Lauzon.
1:13 of 1st period - Deflect By Jared Staal.
1:13 of 1st period - Stopped by Connor Hellebyuk with a rebound.
1:15 of 1st period - Snap shot by Jared Staal.
1:15 of 1st period - Stopped by Connor Hellebyuk without a rebound.
1:16 of 1st period - Christoffer Ehn wins face-off versus Roope Hintz in Penguins zone.
1:23 of 1st period - Snap shot by Brock Boeser.
1:23 of 1st period - Stopped by Connor Hellebyuk with a rebound.
1:30 of 1st period - Off-side.
1:31 of 1st period - Connor Bunnaman wins face-off versus Cedric Paquette in neutral zone.
2:25 of 1st period - Jayson Megna is hit by Curtis Hamilton and loses puck.
2:42 of 1st period - Slapshot by Anatoli Golyshev.
2:42 of 1st period - Stopped by Connor Hellebyuk without a rebound.
2:43 of 1st period - Connor Bunnaman wins face-off versus Adam Brooks in Penguins zone.
2:50 of 1st period - Snap shot by Mitch Callahan.
2:50 of 1st period - Stopped by Connor Hellebyuk without a rebound.
2:51 of 1st period - Christoffer Ehn wins face-off versus Josh Jooris in Penguins zone.
3:16 of 1st period - Snap shot by Kyle Connor.
3:16 of 1st period - Stopped by Josef Korenar with a rebound.
4:42 of 1st period - Slapshot by Iven Barbashev.
4:42 of 1st period - Stopped by Josef Korenar with a rebound.
4:44 of 1st period - Snap shot by Frederick Gaudreau.
4:44 of 1st period - Stopped by Josef Korenar with a rebound.
4:46 of 1st period - Wrist shot by Iven Barbashev.
4:46 of 1st period - Shot Blocked by Matt Roy.
4:48 of 1st period - Slapshot by Frederick Gaudreau.
4:48 of 1st period - Stopped by Josef Korenar without a rebound.
4:49 of 1st period - Roope Hintz wins face-off versus Christoffer Ehn in Crunch zone.
5:14 of 1st period - Jordan Oesterle is hit by Christopher Tanev and loses puck.
5:34 of 1st period - Off-side.
5:35 of 1st period - Dylan Strome wins face-off versus Cedric Paquette in neutral zone.
5:37 of 1st period - Minor Penalty to Noah Hanifin for Tripping.
5:38 of 1st period - Christoffer Ehn wins face-off versus Roope Hintz in Crunch zone.
6:56 of 1st period - Andy Andreoff is hit by Dalton Smith and loses puck.
7:09 of 1st period - Roope Hintz is hit by Dylan Strome.
7:24 of 1st period - Jeremy Lauzon is hit by Roope Hintz and loses puck.
7:37 of 1st period - Penalty to Noah Hanifin is over, Noah Hanifin is back on ice.
7:44 of 1st period - Christopher Tanev is hit by Brock Boeser and loses puck.
8:01 of 1st period - Snap shot by Brock Boeser.
8:01 of 1st period - Stopped by Connor Hellebyuk with a rebound.
8:33 of 1st period - Slapshot by Christoffer Ehn.
8:33 of 1st period - Goal by Christoffer Ehn - Penguins : 0 - Crunch : 1.
8:34 of 1st period - Dylan Strome wins face-off versus Cedric Paquette in neutral zone.
9:06 of 1st period - Slapshot by Jeremy Lauzon.
9:06 of 1st period - Stopped by Connor Hellebyuk with a rebound.
9:35 of 1st period - Jeremy Lauzon is hit by Anthony Beauvillier and loses puck.
9:48 of 1st period - Jeremy Lauzon is hit by Gavin Bayreuther and loses puck.
10:13 of 1st period - Jordan Oesterle is hit by Dakota Mermis and loses puck.
10:50 of 1st period - Brock Boeser is hit by Curtis Hamilton and loses puck.
12:31 of 1st period - Off-side.
12:32 of 1st period - Jayson Megna wins face-off versus Frederick Gaudreau in neutral zone.
12:43 of 1st period - Wrist shot by Jayson Megna.
12:43 of 1st period - Stopped by Connor Hellebyuk without a rebound.
12:44 of 1st period - Roope Hintz wins face-off versus Christoffer Ehn in Penguins zone.
12:57 of 1st period - Wrist shot by Brock Boeser.
12:57 of 1st period - Stopped by Connor Hellebyuk with a rebound.
12:59 of 1st period - Slapshot by Christoffer Ehn.
12:59 of 1st period - Stopped by Connor Hellebyuk without a rebound.
13:00 of 1st period - Cedric Paquette wins face-off versus Michael Ferland in Penguins zone.
13:27 of 1st period - Christoffer Ehn is hit by Andy Andreoff and loses puck.
13:53 of 1st period - Snap shot by Iven Barbashev.
13:53 of 1st period - Deflect By Curtis Hamilton.
13:53 of 1st period - Shot Misses the Net.
13:53 of 1st period - Puck is out of play.
13:54 of 1st period - Frederick Gaudreau wins face-off versus Jayson Megna in Crunch zone.
14:04 of 1st period - Off-side.
14:05 of 1st period - Roope Hintz wins face-off versus Teemu Hartikainen in neutral zone.
14:12 of 1st period - Teemu Hartikainen is hit by Andy Andreoff and loses puck.
15:34 of 1st period - Snap shot by Andy Andreoff.
15:34 of 1st period - Stopped by Josef Korenar with a rebound.
15:51 of 1st period - Icing by Christoffer Ehn.
15:52 of 1st period - Christoffer Ehn wins face-off versus Cedric Paquette in Crunch zone.
15:59 of 1st period - Wrist shot by Dylan Strome.
15:59 of 1st period - Shot Blocked by Andrew O'Brien.
17:23 of 1st period - Snap shot by Michael Ferland.
17:23 of 1st period - Stopped by Connor Hellebyuk without a rebound.
17:24 of 1st period - Dylan Strome wins face-off versus Roope Hintz in Penguins zone.
17:38 of 1st period - Minor Penalty to Andy Andreoff for Roughing.
17:39 of 1st period - Roope Hintz wins face-off versus Jayson Megna in Penguins zone.
17:52 of 1st period - Off-side.
17:53 of 1st period - Jayson Megna wins face-off versus Roope Hintz in neutral zone.
18:02 of 1st period - Roope Hintz is hit by Jayson Megna and loses puck.
18:25 of 1st period - Snap shot by Mitch Callahan.
18:25 of 1st period - Stopped by Connor Hellebyuk with a rebound.
18:33 of 1st period - Snap shot by Michael Ferland.
18:33 of 1st period - Shot Hit the Post.
19:38 of 1st period - Penalty to Andy Andreoff is over, Andy Andreoff is back on ice.
19:55 of 1st period - Frederick Gaudreau is hit by Brendan Guhle and loses puck.
Goals for this period are 0 for Penguins vs 1 for Crunch.
Shots for this period are 5 for Penguins vs 14 for Crunch.
2nd period
0:01 of 2nd period - Christoffer Ehn wins face-off versus Roope Hintz in neutral zone.
0:14 of 2nd period - Teemu Hartikainen is hit by Josh Jooris and loses puck.
0:25 of 2nd period - Andrew O'Brien is hit by Noah Hanifin.
1:00 of 2nd period - Wrist shot by Jared Staal.
1:00 of 2nd period - Stopped by Connor Hellebyuk without a rebound.
1:01 of 2nd period - Christoffer Ehn wins face-off versus Roope Hintz in Penguins zone.
2:16 of 2nd period - Jeremy Lauzon is hit by Anthony Beauvillier and loses puck.
2:41 of 2nd period - Snap shot by Brock Boeser.
2:41 of 2nd period - Stopped by Connor Hellebyuk without a rebound.
2:42 of 2nd period - Dylan Strome wins face-off versus Kyle Connor in Penguins zone.
2:46 of 2nd period - Minor Penalty to Vince Hinostroza for Interference.
2:47 of 2nd period - Roope Hintz wins face-off versus Jayson Megna in Penguins zone.
3:13 of 2nd period - Christoffer Ehn is hit by Andrew O'Brien and loses puck.
4:28 of 2nd period - Kyle Connor is hit by Jordan Oesterle and loses puck.
4:46 of 2nd period - Penalty to Vince Hinostroza is over, Vince Hinostroza is back on ice.
5:44 of 2nd period - Christoffer Ehn is hit by Gavin Bayreuther and loses puck.
6:52 of 2nd period - Andy Andreoff is hit by Teemu Hartikainen and loses puck.
7:09 of 2nd period - Andrew O'Brien is hit by Anatoli Golyshev and loses puck.
7:29 of 2nd period - Wrist shot by Jeremy Lauzon.
7:29 of 2nd period - Shot Blocked by Christopher Tanev.
7:37 of 2nd period - Dalton Smith is hit by Andrew O'Brien and loses puck.
7:48 of 2nd period - Kyle Connor is hit by Christoffer Ehn and loses puck.
8:46 of 2nd period - Connor Bunnaman is hit by Frederick Gaudreau and loses puck.
8:59 of 2nd period - Gavin Bayreuther is hit by Brock Boeser and loses puck.
9:04 of 2nd period - Snap shot by Teemu Hartikainen.
9:04 of 2nd period - Shot Misses the Net.
9:06 of 2nd period - Snap shot by Christoffer Ehn.
9:06 of 2nd period - Goal by Christoffer Ehn - Penguins : 0 - Crunch : 2.
9:07 of 2nd period - Christoffer Ehn wins face-off versus Andy Andreoff in neutral zone.
9:32 of 2nd period - Minor Penalty to Andy Andreoff for Holding.
9:33 of 2nd period - Jayson Megna wins face-off versus Roope Hintz in Penguins zone.
9:44 of 2nd period - Wrist shot by Brock Boeser.
9:44 of 2nd period - Shot Misses the Net.
9:46 of 2nd period - Slapshot by Jordan Oesterle.
9:46 of 2nd period - Shot Blocked by Andrew O'Brien.
9:48 of 2nd period - Wrist shot by Jayson Megna.
9:48 of 2nd period - Stopped by Connor Hellebyuk without a rebound.
9:49 of 2nd period - Jayson Megna wins face-off versus Roope Hintz in Penguins zone.
9:54 of 2nd period - Wrist shot by Jayson Megna.
9:54 of 2nd period - Shot Misses the Net.
9:56 of 2nd period - Minor Penalty to Andrew O'Brien for Holding.
9:57 of 2nd period - Roope Hintz wins face-off versus Jayson Megna in Penguins zone.
9:57 of 2nd period - Roope Hintz is hit by Noah Hanifin.
10:15 of 2nd period - Brock Boeser is hit by Roope Hintz and loses puck.
10:28 of 2nd period - Slapshot by Jeremy Lauzon.
10:28 of 2nd period - Goal by Jeremy Lauzon - Penguins : 0 - Crunch : 3.
10:29 of 2nd period - Jayson Megna wins face-off versus Roope Hintz in neutral zone.
10:53 of 2nd period - Danny Biega is hit by Michael Ferland and loses puck.
11:28 of 2nd period - Andy Andreoff is hit by Michael Ferland and loses puck.
11:45 of 2nd period - Noah Hanifin is hit by Dakota Mermis and loses puck.
11:56 of 2nd period - Penalty to Andrew O'Brien is over, Andrew O'Brien is back on ice.
12:12 of 2nd period - Snap shot by Cedric Paquette.
12:12 of 2nd period - Stopped by Josef Korenar with a rebound.
12:51 of 2nd period - Brock Boeser is hit by Juuso Ikonen and loses puck.
12:58 of 2nd period - Teemu Hartikainen is hit by Andrew O'Brien and loses puck.
13:18 of 2nd period - Brendan Guhle is hit by Roope Hintz and loses puck.
13:31 of 2nd period - Snap shot by Frederick Gaudreau.
13:31 of 2nd period - Shot Misses the Net.
13:41 of 2nd period - Frederick Gaudreau is hit by Jayson Megna and loses puck.
14:12 of 2nd period - Minor Penalty to Teemu Hartikainen for Tripping.
14:13 of 2nd period - Christoffer Ehn wins face-off versus Roope Hintz in Crunch zone.
14:13 of 2nd period - Christoffer Ehn is hit by Josh Jooris.
14:19 of 2nd period - Roope Hintz is hit by Noah Hanifin and loses puck.
15:54 of 2nd period - Icing by Andrew O'Brien.
15:55 of 2nd period - Christoffer Ehn wins face-off versus Roope Hintz in Penguins zone.
16:12 of 2nd period - Penalty to Teemu Hartikainen is over, Teemu Hartikainen is back on ice.
16:56 of 2nd period - Icing by Anthony Beauvillier.
16:57 of 2nd period - Jayson Megna wins face-off versus Roope Hintz in Penguins zone.
16:58 of 2nd period - Wrist shot by Dalton Smith.
16:58 of 2nd period - Shot Misses the Net.
17:00 of 2nd period - Wrist shot by Dalton Smith.
17:00 of 2nd period - Goal by Dalton Smith - Penguins : 0 - Crunch : 4.
17:01 of 2nd period - Roope Hintz wins face-off versus Christoffer Ehn in neutral zone.
17:13 of 2nd period - Snap shot by Teemu Hartikainen.
17:13 of 2nd period - Shot Misses the Net.
17:15 of 2nd period - Snap shot by Noah Hanifin.
17:15 of 2nd period - Shot Misses the Net.
17:27 of 2nd period - Noah Hanifin is hit by Andrew O'Brien and loses puck.
17:34 of 2nd period - Slapshot by Vince Hinostroza.
17:34 of 2nd period - Shot Blocked by Michael Ferland.
17:36 of 2nd period - Snap shot by Kyle Connor.
17:36 of 2nd period - Stopped by Josef Korenar with a rebound.
17:38 of 2nd period - Wrist shot by Cedric Paquette.
17:38 of 2nd period - Stopped by Josef Korenar with a rebound.
17:40 of 2nd period - Slapshot by Cedric Paquette.
17:40 of 2nd period - Goal by Cedric Paquette - Penguins : 1 - Crunch : 4.
17:41 of 2nd period - Christoffer Ehn wins face-off versus Roope Hintz in neutral zone.
18:11 of 2nd period - Snap shot by Vince Hinostroza.
18:11 of 2nd period - Stopped by Josef Korenar without a rebound.
18:12 of 2nd period - Christoffer Ehn wins face-off versus Cedric Paquette in Crunch zone.
18:14 of 2nd period - Minor Penalty to Brendan Guhle for Holding.
18:15 of 2nd period - Christoffer Ehn wins face-off versus Roope Hintz in Crunch zone.
18:35 of 2nd period - Brock Boeser is hit by Josh Jooris and loses puck.
18:48 of 2nd period - Slapshot by Brock Boeser.
18:48 of 2nd period - Shot Misses the Net.
18:50 of 2nd period - Wrist shot by Brock Boeser.
18:50 of 2nd period - Stopped by Connor Hellebyuk without a rebound.
18:51 of 2nd period - Christoffer Ehn wins face-off versus Cedric Paquette in Penguins zone.
19:24 of 2nd period - Snap shot by Vince Hinostroza.
19:24 of 2nd period - Shot Misses the Net.
19:28 of 2nd period - Snap shot by Vince Hinostroza.
19:28 of 2nd period - Deflect By Cedric Paquette.
19:28 of 2nd period - Goal by Cedric Paquette - Penguins : 2 - Crunch : 4.
19:29 of 2nd period - Christoffer Ehn wins face-off versus Roope Hintz in neutral zone.
19:33 of 2nd period - Jordan Oesterle and Roope Hintz fight to a draw.
19:33 of 2nd period - Penalty to Jordan Oesterle for Fighting.
19:33 of 2nd period - Penalty to Roope Hintz for Fighting.
19:34 of 2nd period - Cedric Paquette wins face-off versus Christoffer Ehn in Penguins zone.
19:39 of 2nd period - Wrist shot by Christopher Tanev.
19:39 of 2nd period - Stopped by Josef Korenar with a rebound.
19:41 of 2nd period - Wrist shot by Andy Andreoff.
19:41 of 2nd period - Shot Misses the Net.
Goals for this period are 2 for Penguins vs 3 for Crunch.
Shots for this period are 7 for Penguins vs 7 for Crunch.
3rd period
0:01 of 3rd period - Christoffer Ehn wins face-off versus Cedric Paquette in neutral zone.
0:03 of 3rd period - Jeremy Lauzon is hit by Dakota Mermis and loses puck.
0:48 of 3rd period - Backhand shot by Anthony Beauvillier.
0:48 of 3rd period - Stopped by Josef Korenar without a rebound.
0:49 of 3rd period - Adam Brooks wins face-off versus Jayson Megna in Crunch zone.
0:56 of 3rd period - Slapshot by Anthony Beauvillier.
0:56 of 3rd period - Deflect By Juuso Ikonen.
0:56 of 3rd period - Shot Blocked by Matt Roy.
0:56 of 3rd period - Puck is out of play.
0:57 of 3rd period - Christoffer Ehn wins face-off versus Cedric Paquette in Crunch zone.
1:23 of 3rd period - Dylan Strome is hit by Frederick Gaudreau and loses puck.
1:50 of 3rd period - Jared Staal is hit by Anthony Beauvillier and loses puck.
2:09 of 3rd period - John Marino is hit by Brock Boeser and loses puck.
2:26 of 3rd period - Frederick Gaudreau is hit by Dylan Strome and loses puck.
2:31 of 3rd period - Snap shot by Michael Ferland.
2:31 of 3rd period - Stopped by Connor Hellebyuk without a rebound.
2:32 of 3rd period - Cedric Paquette wins face-off versus Dylan Strome in Penguins zone.
2:42 of 3rd period - Off-side.
2:43 of 3rd period - Christoffer Ehn wins face-off versus Cedric Paquette in neutral zone.
2:46 of 3rd period - Snap shot by Teemu Hartikainen.
2:46 of 3rd period - Shot Blocked by Andrew O'Brien.
2:56 of 3rd period - Snap shot by Andy Andreoff.
2:56 of 3rd period - Shot Misses the Net.
3:06 of 3rd period - Iven Barbashev is hit by Jeremy Lauzon and loses puck.
3:13 of 3rd period - Wrist shot by Anthony Cirelli.
3:13 of 3rd period - Shot Misses the Net.
3:15 of 3rd period - Wrist shot by Noah Hanifin.
3:15 of 3rd period - Shot Misses the Net.
3:17 of 3rd period - Snap shot by Jacob Larsson.
3:17 of 3rd period - Shot Blocked by Christopher Tanev.
4:08 of 3rd period - Jeremy Lauzon is hit by Josh Jooris and loses puck.
4:29 of 3rd period - Slapshot by Jeremy Lauzon.
4:29 of 3rd period - Stopped by Connor Hellebyuk without a rebound.
4:30 of 3rd period - Adam Brooks wins face-off versus Dylan Strome in Penguins zone.
4:42 of 3rd period - Wrist shot by Anthony Beauvillier.
4:42 of 3rd period - Shot Misses the Net.
5:00 of 3rd period - Wrist shot by Josh Jooris.
5:00 of 3rd period - Shot Misses the Net.
5:02 of 3rd period - Snap shot by Josh Jooris.
5:02 of 3rd period - Goal by Josh Jooris - Penguins : 3 - Crunch : 4.
5:03 of 3rd period - Josh Jooris wins face-off versus Christoffer Ehn in neutral zone.
5:08 of 3rd period - Wrist shot by Josh Jooris.
5:08 of 3rd period - Stopped by Josef Korenar with a rebound.
5:37 of 3rd period - Snap shot by Dylan Strome.
5:37 of 3rd period - Deflect By Vince Hinostroza.
5:37 of 3rd period - Stopped by Connor Hellebyuk with a rebound.
5:39 of 3rd period - Snap shot by Anthony Cirelli.
5:39 of 3rd period - Stopped by Connor Hellebyuk without a rebound.
5:40 of 3rd period - Cedric Paquette wins face-off versus Christoffer Ehn in Penguins zone.
5:42 of 3rd period - Minor Penalty to Andrew O'Brien for Cross-checking.
5:43 of 3rd period - Roope Hintz wins face-off versus Teemu Hartikainen in Penguins zone.
5:43 of 3rd period - Roope Hintz is hit by Jayson Megna.
5:58 of 3rd period - Snap shot by Andy Andreoff.
5:58 of 3rd period - Stopped by Josef Korenar without a rebound.
5:59 of 3rd period - Brock Boeser wins face-off versus Roope Hintz in Crunch zone.
5:59 of 3rd period - Brock Boeser is hit by Andy Andreoff.
6:07 of 3rd period - Snap shot by Jayson Megna.
6:07 of 3rd period - Shot Blocked by Danny Biega.
6:09 of 3rd period - Snap shot by Noah Hanifin.
6:09 of 3rd period - Shot Blocked by Danny Biega.
6:11 of 3rd period - Snap shot by Noah Hanifin.
6:11 of 3rd period - Shot Misses the Net.
6:13 of 3rd period - Snap shot by Brock Boeser.
6:13 of 3rd period - Shot Blocked by Danny Biega.
7:13 of 3rd period - Wrist shot by Cedric Paquette.
7:13 of 3rd period - Shot Blocked by Brendan Guhle.
7:15 of 3rd period - Snap shot by Cedric Paquette.
7:15 of 3rd period - Stopped by Josef Korenar without a rebound.
7:16 of 3rd period - Christoffer Ehn wins face-off versus Cedric Paquette in Crunch zone.
7:27 of 3rd period - Andy Andreoff is hit by Christoffer Ehn and loses puck.
7:42 of 3rd period - Penalty to Andrew O'Brien is over, Andrew O'Brien is back on ice.
7:58 of 3rd period - Snap shot by Iven Barbashev.
7:58 of 3rd period - Goal by Iven Barbashev - Penguins : 4 - Crunch : 4.
7:59 of 3rd period - Christoffer Ehn wins face-off versus Roope Hintz in neutral zone.
8:11 of 3rd period - Icing by Andrew O'Brien.
8:12 of 3rd period - Christoffer Ehn wins face-off versus Roope Hintz in Penguins zone.
8:15 of 3rd period - Wrist shot by Teemu Hartikainen.
8:15 of 3rd period - Shot Misses the Net.
8:25 of 3rd period - Slapshot by Andy Andreoff.
8:25 of 3rd period - Shot Misses the Net.
8:27 of 3rd period - Snap shot by Andy Andreoff.
8:27 of 3rd period - Stopped by Josef Korenar with a rebound.
8:29 of 3rd period - Wrist shot by Roope Hintz.
8:29 of 3rd period - Shot Misses the Net.
8:31 of 3rd period - Snap shot by Andy Andreoff.
8:31 of 3rd period - Shot Misses the Net.
8:33 of 3rd period - Slapshot by Christopher Tanev.
8:33 of 3rd period - Shot Misses the Net.
8:35 of 3rd period - Snap shot by Josh Jooris.
8:35 of 3rd period - Stopped by Josef Korenar with a rebound.
8:37 of 3rd period - Wrist shot by Josh Jooris.
8:37 of 3rd period - Stopped by Josef Korenar with a rebound.
8:39 of 3rd period - Slapshot by Roope Hintz.
8:39 of 3rd period - Stopped by Josef Korenar with a rebound.
8:41 of 3rd period - Slapshot by Josh Jooris.
8:41 of 3rd period - Stopped by Josef Korenar with a rebound.
8:49 of 3rd period - Slapshot by Josh Jooris.
8:49 of 3rd period - Stopped by Josef Korenar without a rebound.
8:50 of 3rd period - Dylan Strome wins face-off versus Cedric Paquette in Crunch zone.
8:52 of 3rd period - Minor Penalty to Michael Ferland for Elbowing.
8:53 of 3rd period - Andy Andreoff wins face-off versus Christoffer Ehn in Crunch zone.
8:53 of 3rd period - Slapshot by Josh Jooris.
8:53 of 3rd period - Shot Blocked by Jordan Oesterle.
8:55 of 3rd period - Snap shot by Roope Hintz.
8:55 of 3rd period - Stopped by Josef Korenar with a rebound.
8:57 of 3rd period - Snap shot by Roope Hintz.
8:57 of 3rd period - Deflect By Brock Boeser.
8:57 of 3rd period - Shot Blocked by Jordan Oesterle.
8:57 of 3rd period - Puck is out of play.
8:58 of 3rd period - Christoffer Ehn wins face-off versus Roope Hintz in Crunch zone.
9:09 of 3rd period - Snap shot by Brock Boeser.
9:09 of 3rd period - Shot Blocked by Andy Andreoff.
10:52 of 3rd period - Penalty to Michael Ferland is over, Michael Ferland is back on ice.
11:09 of 3rd period - Snap shot by Anatoli Golyshev.
11:09 of 3rd period - Stopped by Connor Hellebyuk without a rebound.
11:10 of 3rd period - Adam Brooks wins face-off versus Dylan Strome in Penguins zone.
11:22 of 3rd period - Adam Brooks is hit by Dylan Strome.
11:46 of 3rd period - Snap shot by Frederick Gaudreau.
11:46 of 3rd period - Stopped by Josef Korenar with a rebound.
12:07 of 3rd period - Slapshot by Josh Jooris.
12:07 of 3rd period - Stopped by Josef Korenar with a rebound.
12:09 of 3rd period - Wrist shot by Andy Andreoff.
12:09 of 3rd period - Goal by Andy Andreoff - Penguins : 5 - Crunch : 4.
12:10 of 3rd period - Roope Hintz wins face-off versus Christoffer Ehn in neutral zone.
12:13 of 3rd period - Jordan Oesterle is hit by Danny Biega and loses puck.
12:20 of 3rd period - Wrist shot by Roope Hintz.
12:20 of 3rd period - Shot Misses the Net.
12:22 of 3rd period - Slapshot by Danny Biega.
12:22 of 3rd period - Deflect By Noah Hanifin.
12:22 of 3rd period - Stopped by Josef Korenar without a rebound.
12:23 of 3rd period - Christoffer Ehn wins face-off versus Roope Hintz in Crunch zone.
12:30 of 3rd period - Wrist shot by Andy Andreoff.
12:30 of 3rd period - Deflect By Josh Jooris.
12:30 of 3rd period - Stopped by Josef Korenar with a rebound.
12:32 of 3rd period - Slapshot by Roope Hintz.
12:32 of 3rd period - Stopped by Josef Korenar with a rebound.
12:48 of 3rd period - Christoffer Ehn is hit by Iven Barbashev and loses puck.
12:55 of 3rd period - Snap shot by Iven Barbashev.
12:55 of 3rd period - Shot Misses the Net.
13:35 of 3rd period - Wrist shot by Jayson Megna.
13:35 of 3rd period - Shot Blocked by John Marino.
13:49 of 3rd period - Snap shot by Jared Staal.
13:49 of 3rd period - Shot Misses the Net.
14:13 of 3rd period - Wrist shot by Christopher Tanev.
14:13 of 3rd period - Deflect By Frederick Gaudreau.
14:13 of 3rd period - Stopped by Josef Korenar with a rebound.
14:15 of 3rd period - Snap shot by Curtis Hamilton.
14:15 of 3rd period - Shot Misses the Net.
14:32 of 3rd period - Icing by Noah Hanifin.
14:33 of 3rd period - Jayson Megna wins face-off versus Cedric Paquette in Crunch zone.
14:54 of 3rd period - Kyle Connor is hit by Jordan Oesterle and loses puck.
15:21 of 3rd period - Slapshot by Jayson Megna.
15:21 of 3rd period - Shot Blocked by Vince Hinostroza.
15:23 of 3rd period - Snap shot by Jayson Megna.
15:23 of 3rd period - Shot Misses the Net.
15:25 of 3rd period - Slapshot by Jordan Oesterle.
15:25 of 3rd period - Shot Misses the Net.
15:27 of 3rd period - Slapshot by Noah Hanifin.
15:27 of 3rd period - Shot Misses the Net.
15:29 of 3rd period - Snap shot by Jayson Megna.
15:29 of 3rd period - Shot Blocked by Dakota Mermis.
15:47 of 3rd period - Wrist shot by Jayson Megna.
15:47 of 3rd period - Stopped by Connor Hellebyuk with a rebound.
15:49 of 3rd period - Wrist shot by Jared Staal.
15:49 of 3rd period - Goal by Jared Staal - Penguins : 5 - Crunch : 5.
15:50 of 3rd period - Roope Hintz wins face-off versus Teemu Hartikainen in neutral zone.
15:50 of 3rd period - Christopher Tanev beats up Jeremy Lauzon.
15:50 of 3rd period - Penalty to Jeremy Lauzon for Fighting.
15:50 of 3rd period - Penalty to Christopher Tanev for Fighting.
15:50 of 3rd period - Penalty to Christopher Tanev for instigated a fight.
15:50 of 3rd period - Penalty to Christopher Tanev for instigated a fight.
15:51 of 3rd period - Roope Hintz wins face-off versus Christoffer Ehn in neutral zone.
15:54 of 3rd period - Slapshot by Andrew O'Brien.
15:54 of 3rd period - Stopped by Josef Korenar with a rebound.
16:16 of 3rd period - Andy Andreoff is hit by Jayson Megna and loses puck.
16:45 of 3rd period - Snap shot by Kyle Connor.
16:45 of 3rd period - Shot Misses the Net.
16:55 of 3rd period - Jacob Larsson is hit by Cedric Paquette and loses puck.
17:04 of 3rd period - Cedric Paquette is hit by Jacob Larsson and loses puck.
17:35 of 3rd period - Slapshot by Brendan Guhle.
17:35 of 3rd period - Stopped by Connor Hellebyuk with a rebound.
17:37 of 3rd period - Slapshot by Jayson Megna.
17:37 of 3rd period - Deflect By Brock Boeser.
17:37 of 3rd period - Goal by Brock Boeser - Penguins : 5 - Crunch : 6.
17:38 of 3rd period - Dylan Strome wins face-off versus Frederick Gaudreau in neutral zone.
17:43 of 3rd period - Slapshot by Dylan Strome.
17:43 of 3rd period - Shot Misses the Net.
17:49 of 3rd period - Slapshot by Dylan Strome.
17:49 of 3rd period - Stopped by Connor Hellebyuk with a rebound.
17:51 of 3rd period - Snap shot by Anthony Cirelli.
17:51 of 3rd period - Shot Misses the Net.
17:53 of 3rd period - Slapshot by Jordan Oesterle.
17:53 of 3rd period - Shot Misses the Net.
18:17 of 3rd period - Icing by John Marino.
18:18 of 3rd period - Roope Hintz wins face-off versus Connor Bunnaman in Penguins zone.
18:43 of 3rd period - Brendan Guhle is hit by Kyle Connor and loses puck.
18:46 of 3rd period - Penguins, Connor Hellebyuk is pulled from the net.
18:52 of 3rd period - Snap shot by Cedric Paquette.
18:52 of 3rd period - Stopped by Josef Korenar with a rebound.
19:08 of 3rd period - Slapshot by Teemu Hartikainen.
19:08 of 3rd period - Deflect By Jayson Megna.
19:08 of 3rd period - Goal by Jayson Megna - Penguins : 5 - Crunch : 7.
19:08 of 3rd period - Connor Hellebyuk from Penguins was sent back in the game.
19:09 of 3rd period - Jayson Megna wins face-off versus Frederick Gaudreau in neutral zone.
19:12 of 3rd period - Slapshot by Jared Staal.
19:12 of 3rd period - Stopped by Connor Hellebyuk with a rebound.
19:20 of 3rd period - Wrist shot by Iven Barbashev.
19:20 of 3rd period - Deflect By Frederick Gaudreau.
19:20 of 3rd period - Shot Blocked by Jared Staal.
19:20 of 3rd period - Puck is out of play.
19:21 of 3rd period - Jayson Megna wins face-off versus Curtis Hamilton in Crunch zone.
19:47 of 3rd period - Kyle Connor is hit by Noah Hanifin and loses puck.
Goals for this period are 3 for Penguins vs 3 for Crunch.
Shots for this period are 22 for Penguins vs 12 for Crunch.